 Dungeon Crawl Stone Soup version 0.24-a0-7-g1bb0902 (webtiles) character file.

Game seed: 1154120902731216286

6877 Mgcat the Cleaver (level 11, 0/141 HPs)
             Began as a Naga Fighter on Jan 30, 2019.
             Was an Elder of Cheibriados.
             Slain by an orc warlord
             ... wielding a +2 war axe
              (33 damage)
             ... in a bailey.
             The game lasted 00:26:51 (9947 turns).

Mgcat the Cleaver (Naga Fighter)                    Turns: 9947, Time: 00:26:52

Health: 0/141      AC: 12    Str: 31 (34) XL:     11   Next: 6%
Magic:  17/17      EV: 10    Int: 17 (20) God:    Cheibriados [****..]
Gold:   94         SH: 14    Dex: 18 (19) Spells: 10/10 levels left

rFire    . . .     SeeInvis +   a - +1 war axe
rCold    . . .     Gourm    .   c - +0 shield
rNeg     . . .     Faith    .   b - +0 scale mail
rPois    +         Spirit   .   (no helmet)
rElec    .         Reflect  +   E - +1 cloak {+Inv}
rCorr    .         Harm     .   y - +1 pair of gloves
MR       +....                  (no barding)
Stlth    ..........             k - +3 amulet of reflection
HPRegen  0.33/turn              h - ring of stealth {Stlth+}
MPRegen  0.15/turn              x - +4 ring of evasion

@: berserking (expiring), very slightly contaminated, very slow
A: large, see invisible, deformed body, poison resistance, slowness 2, slow
metabolism 1, spit poison 1, AC +3
a: Spit Poison, Bend Time, Temporal Distortion, Slouch, Renounce Religion, Evoke
Invisibility


You were in a bailey.
You worshipped Cheibriados.
Cheibriados was greatly pleased with you.
You were hungry.

You visited 2 branches of the dungeon, and saw 11 of its levels.
You also visited: Sewer and Bailey.

You collected 528 gold pieces.
You spent 434 gold pieces at shops.

Inventory:

Hand Weapons
 a - a +1 war axe (weapon)
 p - a +0 broad axe
   (You took it off an orc warrior in a bailey)
 F - a +0 broad axe
   (You took it off an orc warrior in a bailey)
Missiles
 w - 3 throwing nets {=f, !d}
Armour
 b - a +0 scale mail (worn)
 c - a +0 shield (worn)
 y - a +1 pair of gloves (worn)
   (You found it on level 7 of the Dungeon)
 E - a +1 cloak of invisibility (worn)
   (You bought it in a shop on level 9 of the Dungeon)
Jewellery
 h - a ring of stealth (left hand) {Stlth+}
   (You found it on level 10 of the Dungeon)
 k - a +3 amulet of reflection (around neck)
   (You found it on level 2 of the Dungeon)
 x - a +4 ring of evasion (right hand)
   (You found it on level 7 of the Dungeon)
 z - a cursed amulet of inaccuracy {unknown}
   (You found it on level 7 of the Dungeon)
Wands
 q - a wand of flame (24)
   (You took it off Natasha on level 2 of the Dungeon)
 u - a wand of iceblast (5)
   (You found it on level 4 of the Dungeon)
 v - a wand of polymorph (14)
   (You found it on level 5 of the Dungeon)
Scrolls
 i - 3 scrolls of blinking {!r}
 B - 2 scrolls of teleportation
 C - 3 scrolls of remove curse
Potions
 e - 2 potions of brilliance {unknown}
 m - 2 potions of ambrosia {unknown}
 n - a potion of degeneration {!q}
 o - 4 potions of heal wounds
 r - 2 potions of mutation {!q}
 s - 4 potions of curing
 t - 3 potions of flight
Comestibles
 f - 11 rations


   Skills:
 - Level 5.0 Fighting
 + Level 11.0 Axes
 - Level 5.0 Armour
 - Level 5.0 Shields
 + Level 8.4 Invocations
 - Level 5.0 Evocations


You had 10 spell levels left.
You didn't know any spells.
Your spell library was empty.

Dungeon Overview and Level Annotations

Branches:
Dungeon (10/15)            Temple (1/1) D:6
   Lair: D:8-11         Orc: D:9-12

Altars:
Ashenzari
Cheibriados
Dithmenos
Elyvilon
Fedhas
Gozag
Hepliaklqana
Kikubaaqudgha
Makhleb
Nemelex Xobeh
Okawaru
Qazlal
Ru
Sif Muna
Trog
Uskayaw
Vehumet
Wu Jian
Xom
Yredelemnul
Zin
The Shining One

Shops:
D:5 !   D:6 }   D:7 (   D:8 :%%   D:9 *

Annotations:
D:6 1 runed translucent door, DavidChitty1's ghost, novice MiBe
D:8 2 transporters, Killmatronix's ghost, journeyman HuWn
D:9 2 exclusions


Innate Abilities, Weirdness & Mutations

You cannot wear boots.
Your serpentine skin is tough. (AC +3)
You have supernaturally acute eyesight. (SInv)
Armour fits poorly on your strangely shaped body.
Your system is resistant to poisons. (rPois)
You cover ground very slowly.
You have a slow metabolism.
You can spit poison.


Message History

The burst of metal fragments hits the orc warlord but does no damage. x2
The orc warlord blocks the burst of metal fragments.
The burst of metal fragments hits the orc warlord but does no damage.
The orc warlord blocks the burst of metal fragments.
The burst of metal fragments hits the orc warlord but does no damage.
The orc warlord is moderately wounded.
You block the orc warlord's attack.
Spoiler Alert: The orc warlord can hit for high damage!
Evoke which item? (* to show all) (? for menu, Esc to quit)
Aiming: Scattershot
Press: ? - help, Shift-Dir - straight line, f/p - orc warlord
Aim: an orc warlord, wielding a +2 war axe, wearing a +2 chain mail of fire resistance and wearing a +2 shield (moderately wounded)
The orc warlord blocks the burst of metal fragments.
The burst of metal fragments hits the orc warlord.
The orc warlord blocks the burst of metal fragments.
The burst of metal fragments hits the orc warlord but does no damage.
The orc warlord blocks the burst of metal fragments.
The burst of metal fragments hits the orc warlord but does no damage. x2
The orc warlord is moderately wounded.
The orc warlord hits you with a +2 war axe!
You take 6 damage, and have 41/93 hp.
Spoiler Alert: The orc warlord can hit for high damage!
Evoke which item? (* to show all) (? for menu, Esc to quit)
Aiming: Scattershot
Press: ? - help, Shift-Dir - straight line, f/p - orc warlord
Aim: an orc warlord, wielding a +2 war axe, wearing a +2 chain mail of fire resistance and wearing a +2 shield (moderately wounded)
The orc warlord blocks the burst of metal fragments.
The burst of metal fragments hits the orc warlord but does no damage.
The orc warlord blocks the burst of metal fragments. x2
The burst of metal fragments hits the orc warlord but does no damage. x2
The orc warlord blocks the burst of metal fragments.
The orc warlord is moderately wounded.
The now-empty wand crumbles to dust.
The orc warlord barely misses you.
Spoiler Alert: The orc warlord can hit for high damage!
You feel much better.
The orc warlord hits you with a +2 war axe.
You regained 27 hp, and now have 68/94 hp.
It was a potion of degeneration.
There was something very wrong with that liquid.
You feel weakened.
You feel dopey.
You feel clumsy.
Spoiler Alert: The orc warlord can hit for high damage!
It was a potion of berserk rage.
A red film seems to cover your vision as you go berserk!
Cheibriados protects you from inadvertent hurry.
You feel mighty! You block the orc warlord's attack.
You now have 103/141 hp.
Unknown command.
Spoiler Alert: The orc warlord can hit for high damage!
Unknown command.
Unknown command.
You completely miss the orc warlord.
The orc warlord is moderately wounded.
The orc warlord hits you with a +2 war axe!
You take 15 damage, and have 88/141 hp.
Spoiler Alert: The orc warlord can hit for high damage!
You slash the orc warlord!
The orc warlord is moderately wounded.
You block the orc warlord's attack.
You barely miss the orc warlord.
The orc warlord is moderately wounded.
The orc warlord hits you with a +2 war axe!
You take 15 damage, and have 74/141 hp.
MP restored: 17 Spoiler Alert: The orc warlord can hit for high damage!
You are feeling hungry.
You hit the orc warlord.
The orc warlord is moderately wounded.
You block the orc warlord's attack.
Unknown command.
Unknown command.
Spoiler Alert: The orc warlord can hit for high damage!
Unknown command.
You completely miss the orc warlord.
The orc warlord is moderately wounded.
You flicker for a moment.
The orc warlord hits you with a +2 war axe!
You take 8 damage, and have 67/141 hp.
Spoiler Alert: The orc warlord can hit for high damage!
You completely miss the orc warlord.
The orc warlord is moderately wounded.
You barely miss the orc warlord.
The orc warlord is moderately wounded.
The orc warlord hits you with a +2 war axe!
You take 12 damage, and have 55/141 hp.
Spoiler Alert: The orc warlord can hit for high damage!
You slash the orc warlord!
The orc warlord is heavily wounded.
The orc warlord hits you with a +2 war axe.
You take 5 damage, and have 50/141 hp.
You hit the orc warlord.
The orc warlord is heavily wounded.
The orc warlord hits you with a +2 war axe!
* * * LOW HITPOINT WARNING * * *
You take 17 damage, and have 33/141 hp.
Spoiler Alert: The orc warlord can hit for high damage!
You hit the orc warlord but do no damage.
The orc warlord is heavily wounded.
You flicker back into view.
The orc warlord hits you with a +2 war axe!!
You die...

### ### ###.### ###.###
###.....### ###.....###
##.........###.........##
#..........[#)..........#
#........o.)'[..........#
#.....⌠.o...#o[.[)⌠.....#
#...........#[@.).))....#
#...........#.[.).[.).).#
###.))......###......)[.###
##.#'#.....###
###.....#'#.###
....g###.###
###.###)))..###♣ ....o..###
###.........## ...g...8#
#...........# ......g8#
#......)....' ..⌠g....g.
#.....⌠)....'


You could see an orc warlord.

Vanquished Creatures
  An orc knight (Bailey)
  A kobold demonologist (D:7)
  A hippogriff (D:7)
  Prince Ribbit (D:6)
  Sigmund (D:2)
  A wraith (D:10)
  2 hungry ghosts
  A human (D:8)
  Duvessa (D:5)
  A hornet zombie (D:10)
  12 orc warriors
  A necrophage (D:9)
  A sky beast (D:8)
  6 ogres
  A phantom (D:4)
  A centaur (D:7)
  2 big kobolds
  9 bullfrogs
  Dowan (D:5)
  4 scorpions
  6 killer bees (D:10)
  A howler monkey (D:6)
  A bullfrog zombie (D:6)
  2 centaur zombies
  3 hounds
  A centaur skeleton (D:4)
  6 orc priests
  A gnoll shaman (D:4)
  9 orc wizards
  Jessica (D:2)
  2 iguanas
  Natasha (thrice) (D:2)
  Ijyb (D:3)
  9 worker ants
  A hound zombie (D:9)
  2 hound skeletons
  A worker ant zombie (D:9)
  13 adders
  17 gnolls
  A river rat (D:5)
  A shadow imp (D:7)
  4 oozes
  2 adder zombies (D:5)
  2 adder skeletons (D:7)
  3 dart slugs
  A leopard gecko (D:8)
  43 orcs
  6 bats
  7 giant cockroaches
  18 goblins
  24 hobgoblins
  10 jackals
  5 ball pythons
  6 frilled lizards
  A jackal skeleton (D:6)
  A jackal zombie (D:6)
  16 kobolds
  14 rats
294 creatures vanquished.

Vanquished Creatures (others)
  A centaur (D:9)
1 creature vanquished.

Grand Total: 295 creatures vanquished

Notes
Turn   | Place    | Note
-------+----------+-------------------------------------------
     0 | D:1      | Mgcat the Naga Fighter began the quest for the Orb.
     0 | D:1      | Reached XP level 1. HP: 21/21 MP: 1/1
    17 | D:1      | Reached XP level 2. HP: 26/28 MP: 2/2
   241 | D:1      | Reached XP level 3. HP: 18/34 MP: 3/3
   756 | D:2      | Noticed Sigmund
   764 | D:2      | HP: 7/34 [Sigmund/+0 scythe (8)]
   767 | D:2      | Killed Sigmund
   767 | D:2      | Reached skill level 4 in Fighting
   767 | D:2      | Reached skill level 3 in Axes
   767 | D:2      | Reached skill level 3 in Armour
   767 | D:2      | Reached skill level 3 in Shields
   767 | D:2      | Reached XP level 4. HP: 10/44 MP: 4/4
   767 | D:2      | Reached XP level 5. HP: 11/50 MP: 5/5
  1281 | D:2      | Reached XP level 6. HP: 51/57 MP: 6/6
  1312 | D:2      | Noticed Natasha
  1324 | D:2      | Killed Natasha
  1456 | D:2      | Noticed Jessica
  1461 | D:2      | Killed Jessica
  1537 | D:2      | Found a faded altar of an unknown god.
  1546 | D:2      | Noticed Natasha
  1550 | D:2      | Killed Natasha
  1593 | D:2      | Found an ancient bone altar of Kikubaaqudgha.
  1735 | D:2      | Noticed Natasha
  1745 | D:2      | Killed Natasha
  2014 | D:3      | Noticed Ijyb
  2027 | D:3      | Killed Ijyb
  2194 | D:3      | Reached skill level 4 in Axes
  2194 | D:3      | Reached XP level 7. HP: 66/66 MP: 7/7
  2926 | D:3      | Reached skill level 4 in Shields
  2977 | D:3      | Reached skill level 4 in Armour
  3125 | D:4      | Reached skill level 1 in Evocations
  3140 | D:4      | Found a glowing golden altar of the Shining One.
  3202 | D:4      | Reached skill level 5 in Fighting
  3448 | D:4      | Reached skill level 2 in Evocations
  3448 | D:4      | Reached XP level 8. HP: 54/74 MP: 9/9
  3763 | D:4      | Reached skill level 5 in Axes
  3824 | D:4      | Reached skill level 3 in Evocations
  4047 | D:5      | Entered Level 5 of the Dungeon
  4098 | D:5      | Found Efuadeiq's Distillery.
  4201 | D:5      | Found a bloodstained altar of Trog.
  4285 | D:5      | Found a glowing drain.
  4294 | D:5      | Noticed Dowan
  4296 | D:5      | Noticed Duvessa
  4311 | D:5      | Killed Duvessa
  4311 | D:5      | Reached skill level 5 in Armour
  4311 | D:5      | Reached skill level 5 in Shields
  4323 | D:5      | Killed Dowan
  4341 | Sewer    | Entered a sewer
  4480 | Sewer    | Reached skill level 6 in Axes
  4480 | Sewer    | Reached skill level 4 in Evocations
  4480 | Sewer    | Reached XP level 9. HP: 75/81 MP: 10/12
  4504 | Sewer    | Found a white marble altar of Elyvilon.
  4991 | D:5      | Found a burning altar of Makhleb.
  5387 | D:6      | Reached skill level 5 in Evocations
  5633 | D:6      | Found a runed translucent door.
  5659 | D:6      | Reached skill level 7 in Axes
  5803 | D:6      | Found a staircase to the Ecumenical Temple.
  5831 | Temple   | Entered the Ecumenical Temple
  5943 | Temple   | Became a worshipper of Cheibriados the Contemplative
  6196 | D:6      | Found Onigew's Gadget Shop.
  6329 | D:6      | Found a white marble altar of Elyvilon.
  6329 | D:6      | Found a sparkling altar of Nemelex Xobeh.
  6391 | D:6      | Noticed Prince Ribbit
  6402 | D:6      | Killed Prince Ribbit
  6402 | D:6      | Reached skill level 8 in Axes
  6618 | D:6      | Noticed DavidChitty1's ghost (novice MiBe)
  6648 | D:7      | Found Jijeoz's Antique Weapon Shop.
  6659 | D:7      | Reached skill level 1 in Invocations
  6666 | D:7      | Reached skill level 2 in Invocations
  6717 | D:7      | Noticed a kobold demonologist
  6725 | D:7      | Noticed a sun demon
  6726 | D:7      | Killed a kobold demonologist
  6726 | D:7      | Reached skill level 3 in Invocations
  6740 | D:7      | Reached * piety under Cheibriados
  6934 | D:7      | Reached skill level 9 in Axes
  6934 | D:7      | Reached skill level 4 in Invocations
  6934 | D:7      | Reached XP level 10. HP: 68/88 MP: 13/13
  7314 | D:8      | Found a transporter.
  7318 | D:8      | Noticed Killmatronix's ghost (journeyman HuWn)
  7319 | D:8      | Noticed a moth of wrath
  7335 | D:8      | Found a transporter.
  7409 | D:8      | Found Ilokhoni's Food Shop.
  7455 | D:8      | Reached skill level 5 in Invocations
  7695 | D:8      | Found Zeruh's Food Emporium.
  7765 | D:8      | Found Zaacom's Book Shoppe.
  7894 | D:8      | Reached ** piety under Cheibriados
  8175 | D:9      | Found a shadowy altar of Dithmenos.
  8340 | D:9      | Found Yris's Assorted Antiques.
  8349 | D:9      | Bought an embroidered cloak for 217 gold pieces
  8349 | D:9      | Bought a scroll of blinking for 217 gold pieces
  8363 | D:9      | Reached skill level 6 in Invocations
  8664 | D:9      | Noticed an orange demon
  8715 | D:9      | Noticed a rust devil
  8715 | D:9      | Noticed an orange demon
  8715 | D:9      | Found an ancient bone altar of Kikubaaqudgha.
  8716 | D:9      | Noticed an orange demon
  9004 | D:10     | Entered Level 10 of the Dungeon
  9076 | D:10     | Reached skill level 10 in Axes
  9090 | D:10     | Reached *** piety under Cheibriados
  9142 | D:10     | Reached skill level 7 in Invocations
  9207 | D:10     | Found a flagged portal.
  9217 | Bailey   | Entered a bailey
  9452 | Bailey   | Reached **** piety under Cheibriados
  9633 | Bailey   | Noticed an orc knight
  9653 | Bailey   | Killed an orc knight
  9653 | Bailey   | Reached skill level 8 in Invocations
  9653 | Bailey   | Reached XP level 11. HP: 91/93 MP: 12/17
  9913 | Bailey   | Reached skill level 11 in Axes
  9922 | Bailey   | Noticed an orc warlord
  9946 | Bailey   | HP: 33/141 [orc warlord/+2 war axe (17)]
  9947 | Bailey   | Slain by an orc warlord

Vault maps used:
D:1:      eino_arrival_water_star
D:2:      kiku_gazebo_garden_becter, chequers_ecumenical_altar_simple_redux,
          uniq_jessica, uniq_natasha, uniq_sigmund
D:3:      first_ration, uniq_ijyb
D:4:      overflow_temple_1_default
D:5:      kennysheep_mini, serial_shops, shop, portal_sewer_entry_a,
          bloody_makhleb, uniq_duvessa
D:6:      amethyst_overflow_temple_binary, minmay_temple_entry_ruins,
          ebering_ghost_sewer_d, serial_shops, shop, chequers_mini_garden,
          uniq_prince_ribbit1
D:7:      serial_shops, shop
D:8:      gammafunk_ghost_berserking_beasts, serial_shops,
          nicolae_shop_behind_doors, nicolae_shop_behind_doors, shop,
          grunt_pizzeria
D:9:      nicolae_dithmenos_shadow_blocks, serial_shops, shop,
          lemuel_hellish_altar
D:10:     enter_bailey_6, kennysheep_doodads
Temple:   lightli_temple_of_artemis
Sewer:    sewer_kobolds
Bailey:   bailey_axe_minmay_hex_keep, bailey

Skill      XL: |  1  2  3  4  5  6  7  8  9 10 11 |
---------------+----------------------------------+-----
Fighting       | 4 5 |  5.0
Axes           | 3 4 6 9 10 11 | 11.0
Armour         | 3 4 5 |  5.0
Shields        | 3 4 5 |  5.0
Evocations     | 2 4 5 |  5.0
Invocations    | 4 8 |  8.4

Action                   |  1- 3 |  4- 6 |  7- 9 | 10-12 || total
-------------------------+-------+-------+-------+-------++-------
Melee: War axe           |    55 |   110 |   408 |   381 ||   954
Invok: Slouch            |       |       |       |     2 ||     2
 Abil: Spit Poison       |     4 |    18 |    23 |    22 ||    67
       Evoke Invisibilit |       |       |       |     1 ||     1
Evoke: Wand              |       |     2 |     3 |     6 ||    11
  Use: Potion            |     1 |       |     1 |     5 ||     7
       Scroll            |       |     3 |    11 |     4 ||    18
 Stab: Distracted        |       |       |       |     1 ||     1
  Eat: Chunk             |       |     4 |    16 |     8 ||    28
       Ration            |       |       |     3 |       ||     3
Armor: Scale mail        |    18 |    52 |   199 |    67 ||   336
       Skin              |       |       |       |     4 ||     4
Dodge: Dodged            |     6 |    22 |    94 |    91 ||   213
Block: Shield            |    26 |    58 |   248 |   227 ||   559
       Reflection        |       |       |     3 |     4 ||     7

Table legend:
 A = Non-vault XP
 B = Vault XP
 C = Vault XP percentage of total XP
 D = Non-vault monster count
 E = Vault monster count
 F = Vault count percentage of total count
                 A         B        C        D         E       F
            +---------+---------+-------+---------+---------+-------
      Total |    6899 |    2926 |  29.8 |     224 |      71 |  24.1
            +---------+---------+-------+---------+---------+-------
        D:1 |      42 |       0 |   0.0 |      21 |       0 |   0.0
        D:2 |     183 |     293 |  61.6 |      26 |       3 |  10.3
        D:3 |     281 |      33 |  10.5 |      34 |       1 |   2.9
        D:4 |    1044 |       0 |   0.0 |      26 |       0 |   0.0
        D:5 |     368 |     244 |  39.9 |      19 |       7 |  26.9
        D:6 |     676 |     259 |  27.7 |      22 |       1 |   4.3
        D:7 |    1361 |       0 |   0.0 |      22 |       0 |   0.0
        D:8 |     696 |     185 |  21.0 |      14 |       1 |   6.7
        D:9 |     986 |       0 |   0.0 |      21 |       0 |   0.0
       D:10 |    1262 |       0 |   0.0 |      19 |       0 |   0.0
      Sewer |       0 |     113 | 100.0 |       0 |      11 | 100.0
     Bailey |       0 |    1799 | 100.0 |       0 |      47 | 100.0
            +---------+---------+-------+---------+---------+-------

Vault maps used:
D:1:      eino_arrival_water_star
D:2:      kiku_gazebo_garden_becter, chequers_ecumenical_altar_simple_redux,
          uniq_jessica, uniq_natasha, uniq_sigmund
D:3:      first_ration, uniq_ijyb
D:4:      overflow_temple_1_default
D:5:      kennysheep_mini, serial_shops, shop, portal_sewer_entry_a,
          bloody_makhleb, uniq_duvessa
D:6:      amethyst_overflow_temple_binary, minmay_temple_entry_ruins,
          ebering_ghost_sewer_d, serial_shops, shop, chequers_mini_garden,
          uniq_prince_ribbit1
D:7:      serial_shops, shop
D:8:      gammafunk_ghost_berserking_beasts, serial_shops,
          nicolae_shop_behind_doors, nicolae_shop_behind_doors, shop,
          grunt_pizzeria
D:9:      nicolae_dithmenos_shadow_blocks, serial_shops, shop,
          lemuel_hellish_altar
D:10:     enter_bailey_6, kennysheep_doodads
Temple:   lightli_temple_of_artemis
Sewer:    sewer_kobolds
Bailey:   bailey_axe_minmay_hex_keep, bailey

Table legend:
 A = Turns spent in this place as a percentage of turns spent in the entire game.
 B = Non-inter-level travel turns spent in this place as a percentage of non-inter-level travel turns spent in the entire game.
 C = Inter-level travel turns spent in this place as a percentage of turns spent in this place.
 D = Turns resting spent in this place as a percentage of non-inter-level travel turns spent in this place.
 E = Turns spent auto-exploring this place as a percentage of non-inter-level travel turns spent in this place.
 F = Non-inter-level travel turns spent in this place divided by the number of levels of this place that you've seen.
                   A       B       C       D       E      F
               +-------+-------+-------+-------+-------+----------------------
         Total | 100.0 | 100.0 |   5.0 |  10.2 |  69.8 | 726.7
       Dungeon |  89.3 |  88.9 |   5.5 |   7.0 |  74.6 | 839.5
        Temple |   1.3 |   1.2 |  12.3 |   0.0 |  93.9 | 114.0
         Sewer |   2.1 |   2.2 |   0.0 |   0.0 |  76.9 | 208.0
        Bailey |   7.3 |   7.7 |   0.0 |  52.1 |   9.0 | 730.0
               +-------+-------+-------+-------+-------+----------------------

Table legend:
 A = Kills in this place as a percentage of kills in entire the game.
 B = Kills by you in this place as a percentage of kills by you in the entire game.
 C = Kills by friends in this place as a percentage of kills by friends in the entire game.
 D = Other kills in this place as a percentage of other kills in the entire game.
 E = Experience gained in this place as a percentage of experience gained in the entire game.
 F = Experience gained in this place divided by the number of levels of this place that you have seen.
                   A       B       C       D       E      F
               +-------+-------+-------+-------+-------+----------------------
         Total | 100.0 | 100.0 |   N/A | 100.0 | 100.0 | 755.8
       Dungeon |  80.3 |  80.3 |   N/A | 100.0 |  80.5 | 791.3
         Sewer |   3.7 |   3.7 |   N/A |   0.0 |   1.2 | 113.0
        Bailey |  15.9 |  16.0 |   N/A |   0.0 |  18.3 | 1799.0
               +-------+-------+-------+-------+-------+----------------------
